 Dungeon Crawl Stone Soup version 0.30.1-10-g1249ef9ec4 (webtiles) character file.

Game seed: 7291636687825711091

4381 pkoi the Grappler (level 10, -4/81 HPs)
             Began as a Purple Draconian Monk on Oct 26, 2023.
             Was a Priest of Hepliaklqana.
             Succumbed to a killer bee's poison
             ... on level 7 of the Dungeon.
             The game lasted 00:09:31 (7279 turns).

pkoi the Grappler (Purple Draconian Monk)           Turns: 7279, Time: 00:09:31

Health: -4/81      AC: 10    Str: 14    XL:     10   Next: 13%
Magic:  10/10      EV: 20    Int: 21    God:    Hepliaklqana [***...]
Gold:   426        SH:  0    Dex: 13    Spells: 9/9 levels left

rFire   . . .        y - +4 short sword (spect)
rCold   . . .        b - orb {light}
rNeg    . . .        (body armour unavailable)
rPois   .            (helmet restricted)
rElec   .            p - +0 cloak
rCorr   .            j - +0 pair of gloves
SInv    .            u - +0 pair of boots
Will    +....        (no amulet)
Stlth   +            h - +6 ring of intelligence
HPRegen 0.33/turn    k - +5 ring of evasion
MPRegen 0.12/turn

%: no passive effects
@: lethally poisoned (-4 -> -18), glowing
A: reduced essence, breathe power, AC +7, unfitting armour, cold-blooded
a: Breathe Dispelling Energy, Renounce Religion, Recall Ancestor, Ancestor
Identity, Transference


You were on level 7 of the Dungeon.
You worshipped Hepliaklqana.
Hepliaklqana was most pleased with you.
You visited 2 branches of the dungeon, and saw 9 of its levels.
You also visited: Sewer.

You collected 426 gold pieces.

Inventory:

Hand Weapons
 d - a +0 whip
 g - a +3 short sword
 x - a +2 whip of venom
 y - a +4 spectral short sword (weapon)
Armour
 b - an orb of light (worn)
 j - a +0 pair of gloves (worn)
 p - a +0 cloak (worn)
 u - a +0 pair of boots (worn)
Jewellery
 h - a +6 ring of intelligence (left hand)
 k - a +5 ring of evasion (right hand)
Wands
 i - a wand of acid (19)
 q - a wand of flame (14)
 w - a wand of paralysis (12)
Scrolls
 m - 2 scrolls of amnesia
 r - a scroll of fog
 s - 5 scrolls of teleportation
 A - a scroll of fear
 B - a scroll of summoning
 C - a scroll of immolation
Potions
 a - a potion of ambrosia
 c - 3 potions of haste
 e - 6 potions of curing
 f - 3 potions of brilliance
 l - 2 potions of mutation
 n - 2 potions of heal wounds
 o - a potion of invisibility
 t - 2 potions of lignification
 v - 3 potions of attraction
 z - 4 potions of flight
 D - a potion of might


   Skills:
 + Level 8.6 Fighting
 + Level 7.1 Dodging
 + Level 4.9 Stealth
 + Level 10.0 Unarmed Combat


You had 9 spell levels left.
You didn't know any spells.
Your spell library contained the following spells:

 Spells                   Type           Power      Damage    Failure   Level
 Magic Dart               Conj           0%         1d3       19%         1
 Call Imp                 Summ           0%         N/A       26%         2
 Scorch                   Fire           0%         2d5       26%         2
 Gell's Gravitas          Tloc           0%         N/A       47%         3
 Mephitic Cloud           Conj/Pois/Air  0%         N/A       47%         3
 Teleport Other           Tloc           0%         N/A       47%         3
 Vhi's Electric Charge    Tloc/Air       0%         N/A       47%         3
 Flame Wave               Conj/Fire      0%         2d4       87%         4
 Arcjolt                  Conj/Air       0%         1d10      99%         5
 Dispersal                Tloc           0%         N/A       100%        6
 Plasma Beam              Fire/Air       0%         2x1d11    100%        6
 Summon Cactus Giant      Summ           0%         N/A       100%        6


Dungeon Overview and Level Annotations

Branches:
Dungeon (8/15)             Temple (1/1) D:5            Lair (0/5) D:8
  Sewer (visited)

Altars:
Elyvilon
Fedhas
Gozag
Hepliaklqana
Nemelex Xobeh
Ru
Sif Muna
Uskayaw
Vehumet
Wu Jian
Xom
Yredelemnul
Zin
The Shining One


Innate Abilities, Weirdness & Mutations

Your life essence is reduced to manifest your ancestor. (-10% HP)
You can breathe bolts of dispelling energy.
Your rich purple scales are hard. (AC +7)
You cannot fit into any form of body armour.
You are cold-blooded and may be slowed by cold attacks.


Message History

* * * LOW HITPOINT WARNING * * *
You catch the helpless bullfrog completely off-guard!
You puncture the bullfrog!
You kill the bullfrog!
Your +4 spectral short sword disappears.
Unknown command.
The howler monkey hoots and howls with incredible vigour!
You hear a loud, deep croak!
You hear an angry hiss.
You hear a shout!
The howler monkey attacks as you move away!
The howler monkey misses you.
The howler monkey attacks as you move away!
The howler monkey misses you.
The howler monkey attacks as you move away!
The howler monkey hits you.
* * * LOW HITPOINT WARNING * * *
The howler monkey hoots and howls with incredible vigour!
You hear a croak.
The howler monkey attacks as you move away!
The howler monkey barely misses you.
The killer bee stings you but does no damage.
The howler monkey attacks as you move away!
The howler monkey hits you.
* * * LOW HITPOINT WARNING * * *
The killer bee closely misses you. The killer bee stings you.
* * * LOW HITPOINT WARNING * * *
You are lethally poisoned!
The killer bee poisons you!
There is a stone staircase leading up here.
* * * LOW HITPOINT WARNING * * *
You feel sick.
The howler monkey hoots and howls with incredible vigour!
The killer bee stings you.
* * * LOW HITPOINT WARNING * * *
You are more poisoned.
The killer bee poisons you! The killer bee stings you.
* * * LOW HITPOINT WARNING * * *
You hear an angry hiss.
You climb upwards.
You die...

..###.#..#.#.#...........###...#.
.........#..................#....
..###......#R#...........###.###.
..# ##...#.#.###.#....#### #.###.
### #.......# #)#....# #.##..
#......## #.#....# #.##..
########....# #.#....# #.##..
.........#### #.##.#.# #.....
.######### #####@.)...## #.....
...# #....y......# #.##.# .#.#
#.###.##.##.# #.##.# .#.# #.#
#....##.# #.##.. ##.#
####.###.#..##.# #.#### ...#
##..............# #..... ####
#.###.###....##.########## #.#
#.# #..........# #.###.#
##..>.#.##.#


You could see a killer bee.

Vanquished Creatures
  Sigmund (D:3)
  3 water moccasins
  An orc warrior (D:7)
  3 ice beasts
  4 black bears
  2 ogres (D:4)
  A centaur (D:8)
  A phantom (D:4)
  A kobold brigand (D:7)
  Blork the orc (D:5)
  4 bullfrogs (D:8)
  4 scorpions (D:5)
  7 wights
  6 killer bees
  A howler monkey (D:4)
  3 jellies
  3 orc priests
  Crazy Yiuf (D:3)
  A hound (D:4)
  Jessica (D:3)
  A sleepcap (D:5)
  Natasha (twice) (D:2)
  4 orc wizards
  A sickly merfolk siren (Sewer)
  A malarious merfolk avatar (Sewer)
  Robin (D:2)
  3 gnolls (D:7)
  12 adders
  3 river rats
  A white imp (D:5)
  2 worms (D:6)
  3 dart slugs
  8 orcs
  5 endoplasms
  4 giant cockroaches
  17 goblins
  6 hobgoblins
  4 jackals
  9 kobolds
  8 quokkas
  14 ball pythons
  5 bats
  6 frilled lizards
  18 rats
187 creatures vanquished.

Vanquished Creatures (collateral kills)
  Joseph (D:7)
  An ice beast (D:7)
  2 black bears (D:8)
  A scorpion (D:8)
  2 wights
  3 adders
  A river rat (D:6)
  A worm (D:6)
  5 orcs (D:7)
  A giant cockroach (Sewer)
  3 frilled lizards (Sewer)
  A rat (Sewer)
22 creatures vanquished.

Vanquished Creatures (others)
  A hexer (D:8)
1 creature vanquished.

Grand Total: 210 creatures vanquished

Notes
Turn   | Place    | Note
-------+----------+-------------------------------------------
     0 | D:1      | pkoi the Draconian Monk began the quest for the Orb.
     0 | D:1      | Reached XP level 1. HP: 19/19 MP: 1/1
   225 | D:1      | Reached XP level 2. HP: 22/26 MP: 2/2
   639 | D:1      | Reached skill level 4 in Unarmed Combat
   844 | D:2      | Noticed Robin
   846 | D:2      | Reached XP level 3. HP: 31/31 MP: 3/3
   853 | D:2      | Killed Robin
   896 | D:2      | Found a faded altar of an unknown god.
  1026 | D:2      | Reached XP level 4. HP: 31/38 MP: 4/4
  1032 | D:2      | Reached skill level 5 in Unarmed Combat
  1362 | D:2      | Noticed Natasha
  1367 | D:2      | Killed Natasha
  1465 | D:2      | Noticed Natasha
  1472 | D:2      | Killed Natasha
  1473 | D:2      | Reached XP level 5. HP: 45/45 MP: 5/5
  1541 | D:3      | Noticed Sigmund
  1551 | D:3      | Killed Sigmund
  1552 | D:3      | Reached skill level 7 in Unarmed Combat
  1552 | D:3      | Reached XP level 6. HP: 51/51 MP: 6/6
  1664 | D:3      | Noticed Jessica
  1675 | D:3      | Killed Jessica
  1710 | D:3      | Found a glowing golden altar of the Shining One.
  1971 | D:3      | Found a runed translucent door.
  1972 | D:3      | Noticed Crazy Yiuf
  2114 | D:3      | HP: 2/50 [Crazy Yiuf/+2 quarterstaff of chaos (1)]
  2115 | D:3      | Killed Crazy Yiuf
  2519 | D:4      | Found a radiant altar of Vehumet.
  2697 | D:4      | Your scales start taking on a rich purple colour.
  2697 | D:4      | Reached XP level 7. HP: 45/59 MP: 7/7
  3091 | D:4      | Identified the staff of earth "Diwne" {rC- rN+ SInv}
  3321 | D:5      | Entered Level 5 of the Dungeon
  3350 | D:4      | Reached skill level 5 in Fighting
  3528 | D:5      | Noticed Blork the orc
  3539 | D:5      | Killed Blork the orc
  3553 | D:5      | Reached skill level 8 in Unarmed Combat
  3563 | D:5      | Reached XP level 8. HP: 52/69 MP: 8/8
  3777 | D:5      | Reached skill level 5 in Dodging
  3831 | D:5      | Found a sacrificial altar of Ru.
  4035 | D:5      | Found a staircase to the Ecumenical Temple.
  4096 | Temple   | Entered the Ecumenical Temple
  4096 | Temple   | Found a transporter.
  4096 | Temple   | Found a transporter.
  4098 | Temple   | Found a transporter.
  4098 | Temple   | Found a transporter.
  4129 | Temple   | Became a worshipper of Hepliaklqana the Forgotten
  4129 | Temple   | Reached * piety under Hepliaklqana
  4129 | Temple   | Reached ** piety under Hepliaklqana
  4130 | Temple   | Remembered your ancestor Aula as a hexer
  4638 | D:6      | Reached skill level 1 in Stealth
  4770 | D:6      | Reached skill level 9 in Unarmed Combat
  4792 | D:6      | Found a glowing drain.
  4797 | Sewer    | Entered a sewer
  4843 | Sewer    | Reached XP level 9. HP: 70/70 MP: 9/9
  5287 | D:6      | Found a blossoming altar of Fedhas.
  5781 | D:6      | Reached *** piety under Hepliaklqana
  5890 | D:7      | Noticed Joseph
  5902 | D:7      | Killed Joseph
  6535 | D:7      | Found an ornate altar of the Wu Jian Council.
  7232 | D:8      | Reached XP level 10. HP: 65/80 MP: 10/10
  7232 | D:8      | Found a staircase to the Lair.
  7247 | D:8      | Reached skill level 10 in Unarmed Combat
  7278 | D:8      | HP: 2/81 [killer bee (4)]
  7279 | D:7      | Succumbed to a killer bee's poison

Illustrated notes

Levels and vault maps discovered:
D:1:      dpeg_arrival_boxorama, layout_loops_corners,
          kennysheep_decorative_pillar
D:2:      layout_basic, chequers_ecumenical_altar_simple, grunt_ministairs_5,
          kennysheep_big_empty_room, kennysheep_potato, uniq_natasha, uniq_robin
D:3:      layout_rooms, tso_oasis_becter, uniq_jessica, uniq_sigmund,
          uniq_crazy_yiuf_cottage
D:4:      layout_basic, vehumet_altar_wand_db, palyth_stone_intersect
D:5:      cheibrodos_two_vegetables, layout_cave_pools, lemuel_round_altar,
          minmay_temple_entry_enclosed_plants, uniq_blork_the_orc
D:6:      layout_basic, mainiacjoe_overflow_alcove_2, lightli_sewer_entry_pipes
D:7:      layout_loops_cross, nicolae_wu_jian_wuxing_cycle, uniq_joseph
D:8:      layout_rooms, kennysheep_mini_moat, due_lair_maze_entry_diamond,
          uniq_erica
Temple:   hellmonk_temple_divided_pantheon

Skill      XL: |  1  2  3  4  5  6  7  8  9 10 |
---------------+-------------------------------+-----
Unarmed Combat | 4 5 7 8 9 10 | 10.0
Dodging        | 3 4 5 6 7 |  7.1
Fighting       | 4 5 6 8 |  8.6
Stealth        | 2 4 |  4.9

Action                     |  1- 3 |  4- 6 |  7- 9 | 10-12 || total
---------------------------+-------+-------+-------+-------++-------
  Melee: Unarmed           |   107 |   107 |   304 |       ||   518
         Tailslap          |    16 |    21 |    59 |     8 ||   104
         Short sword       |       |       |    45 |    24 ||    69
 Invoke: Recall Ancestor   |       |       |     4 |       ||     4
         Ancestor Life: He |       |       |     1 |       ||     1
         Ancestor Identity |       |       |     1 |       ||     1
  Evoke: Wand              |       |     2 |       |       ||     2
    Use: Scroll            |     2 |     8 |    10 |       ||    20
         Potion            |     3 |     1 |       |       ||     4
   Stab: Confused          |       |       |    11 |       ||    11
         Distracted        |       |       |     7 |     1 ||     8
 Armour: Skin              |    28 |    24 |    75 |    13 ||   140
  Dodge: Dodged            |    72 |    63 |   295 |    37 ||   467
